 Dungeon Crawl Stone Soup version 0.29.1 (webtiles) character file.

Game seed: 3488956981801525385

251 masschaos23 the Covert (level 6, 0/40 HPs)
             Began as an Octopode Brigand on Sept 13, 2022.
             Slain by a kobold
             ... wielding a +0 dagger
              (4 damage)
             ... on level 4 of the Dungeon.
             The game lasted 00:10:20 (3114 turns).

masschaos23 the Covert (Octopode Brigand)           Turns: 3114, Time: 00:10:20

Health: 0/40       AC:  1    Str: 11    XL:     6   Next: 13%
Magic:  6/6        EV:  7    Int: 13    God:
Gold:   168        SH:  0    Dex: 15    Spells: 5/5 levels left

rFire   . . .      SeeInvis .   f - +1 short sword (freeze)
rCold   . . .      Faith    .   (no shield)
rNeg    . . .      Spirit   .   (helmet restricted)
rPois   .          Reflect  .   (no amulet)
rElec   .          Harm     .   (no ring)
rCorr   .          Rampage  .   (no ring)
Will    .....                   (no ring)
Stlth   +++++.....              (no ring)
HPRegen 0.13/turn               (no ring)
MPRegen 0.10/turn               (no ring)
                                (no ring)
                                (no ring)

@: about to teleport, held
A: almost no armour, amphibious, 8 rings, camouflage 1, gelatinous body 1,
(nimble swimmer 1), tentacles
a: no special abilities


You were on level 4 of the Dungeon.
You visited 1 branch of the dungeon, and saw 4 of its levels.

You collected 191 gold pieces.
You spent 23 gold pieces at shops.

Inventory:

Hand Weapons
 a - a +2 dagger
 f - a +1 short sword of freezing (weapon)
Missiles
 b - 8 poisoned darts
 c - 3 curare-tipped darts
 h - 3 atropa-tipped darts
 r - 2 boomerangs (quivered)
 v - 3 javelins
Armour
 u - a +0 barding
 x - the +5 ring mail of a bailey {Dex+4 Stlth+}
   (You found it on level 3 of the Dungeon)

   Dex:       It affects your dexterity (+4).
   Stlth:     It makes you more stealthy.
Magical Staves
 q - a staff of fire
Scrolls
 d - 4 scrolls of poison
 i - a scroll of silence {unknown}
 j - a scroll of vulnerability {unknown}
 n - 4 scrolls of fear {unknown}
 o - 2 scrolls of teleportation
 w - a scroll of enchant armour {unknown}
 y - a scroll of butterflies {unknown}
Potions
 e - a potion of attraction {unknown}
 g - a potion of heal wounds {unknown}
 k - 2 potions of curing
 l - a potion of lignification
 m - 2 potions of brilliance {unknown}
 p - a potion of berserk rage {unknown}
 s - a potion of invisibility {unknown}
 t - a potion of ambrosia {unknown}
 z - a potion of degeneration {unknown}
 A - 2 potions of might


   Skills:
 + Level 2.3 Fighting
 + Level 3.1 Short Blades
 + Level 2.9 Throwing
 + Level 1.8 Dodging
 + Level 8.2 Stealth


You had 5 spell levels left.
You didn't know any spells.
Your spell library contained the following spells:

 Spells                   Type           Power      Damage    Failure   Level
 Beastly Appendage        Tmut           0%         N/A       30%         1
 Wereblood                Tmut           0%         N/A       43%         2
 Ignite Poison            Fire/Tmut/Pois 0%         N/A       67%         3
 Mephitic Cloud           Conj/Pois/Air  0%         N/A       67%         3
 Spider Form              Tmut/Pois      0%         N/A       67%         3
 Freezing Cloud           Conj/Ice/Air   0%         6-21      100%        5


Dungeon Overview and Level Annotations

Branches:
Dungeon (4/15)
 Temple: D:4-7

Altars:

Shops:
D:1 *((


Innate Abilities, Weirdness & Mutations

You cannot wear most types of armour.
You are amphibious.
You can wear up to eight rings at the same time.
Your skin changes colour to match your surroundings (Stealth+).
Your rubbery body absorbs attacks. (AC +1, EV +1)
((You are camouflaged when in or above water. (Stealth+)))
You have tentacles for arms and can constrict up to eight enemies at once.


Message History

The orc moves out of view.
An orc comes into view. It is wielding a +0 dagger.
The orc shouts!
The iguana hisses angrily.
The orc shouts!
You hear a shout!
The orc hits you with a +0 trident.
The orc shouts!
You hit the iguana. You freeze the iguana. Your grab misses the iguana.
Your squeeze misses the iguana.
The iguana is moderately wounded.
The iguana bites you. The orc barely misses you.
You hit the iguana.
The iguana seems to slow down.
You freeze the iguana. You grab the iguana. You squeeze the iguana.
You kill the iguana!
The orc misses you.
A kobold comes into view. It is wielding a +0 dagger.
The kobold shouts!
The orc closely misses you. The orc misses you.
The kobold hits you with a +0 dagger. The orc attacks as you move away!
The orc barely misses you. The kobold attacks as you move away!
The kobold barely misses you.
The orc throws a throwing net.
The throwing net hits you.
You become entangled in the net!
You see here a throwing net.
You struggle against the net.
The orc hits you from afar with a +0 trident!
The kobold barely misses you.
You struggle against the net.
The orc hits you from afar with a +0 trident.
The kobold hits you with a +0 dagger.
* * * LOW HITPOINT WARNING * * *
You struggle against the net.
The orc hits you from afar with a +0 trident.
* * * LOW HITPOINT WARNING * * *
The kobold completely misses you.
As you read the scroll of teleportation, it crumbles to dust.
You feel strangely unstable.
The orc hits you from afar with a +0 trident.
* * * LOW HITPOINT WARNING * * *
The kobold hits you but does no damage.
You struggle against the net.
The kobold hits you with a +0 dagger.
You die...

#........#.####.##'####
#........#.####.......#
#.............'.[.....#
#..........####.......#
##>....#.........(...#
#.#####.....#.......#
#..####.....#......~.
#....##.....#......~≈
##.#@##.##########.~≈
#.#K##.# #~~≈
#.ooo#.#...######.~~
#######...............~~
........##.#..........~~
........# .# .......~~~
........# # ........~~
........# ........~≈
........# #......~~~


You could see 3 orcs and a kobold.

Vanquished Creatures
  The ghost of Icepheonix32 the Insei, an amateur MfTm of the Shining One (D:3)
  An iguana (D:4)
  9 adders
  3 worms (D:2)
  A dart slug (D:3)
  An orc (D:3)
  9 endoplasms
  2 giant cockroaches
  4 hobgoblins (D:4)
  4 quokkas
  6 ball pythons
  4 bats (D:1)
  3 frilled lizards
  5 goblins
  2 kobolds
  7 rats
62 creatures vanquished.

Notes
Turn   | Place    | Note
-------+----------+-------------------------------------------
     0 | D:1      | masschaos23 the Octopode Brigand began the quest for the
                  | Orb.
     0 | D:1      | Reached XP level 1. HP: 14/14 MP: 1/1
   235 | D:1      | Reached XP level 2. HP: 15/19 MP: 2/2
   414 | D:1      | Found Adola's Weapon Shop.
   418 | D:1      | Bought 3 atropa-tipped darts for 23 gold pieces
   618 | D:1      | Found Yzeleru's Assorted Antiques.
   673 | D:1      | Found Saacos's Weapon Shop.
   926 | D:2      | Reached skill level 6 in Stealth
   928 | D:2      | Reached XP level 3. HP: 24/24 MP: 3/3
  1345 | D:2      | Reached skill level 7 in Stealth
  1345 | D:2      | Reached XP level 4. HP: 29/29 MP: 4/4
  2079 | D:3      | Found a faded altar of an unknown god.
  2103 | D:3      | Found a large runed translucent door.
  2105 | D:3      | Found a large runed translucent door.
  2107 | D:3      | Noticed Icepheonix32's ghost (amateur MfTm)
  2160 | D:3      | Reached XP level 5. HP: 33/34 MP: 5/5
  2371 | D:3      | Identified the +5 ring mail of a bailey {Dex+4 Stlth+}
  2831 | D:3      | Killed Icepheonix32's ghost
  2832 | D:3      | Reached skill level 8 in Stealth
  3017 | D:4      | Reached XP level 6. HP: 37/39 MP: 6/6
  3114 | D:4      | Slain by a kobold

Illustrated notes

Levels and vault maps discovered:
D:1:      minmay_arrival_checkered_box, layout_loops_ring, serial_shops,
          nicolae_shop_hallway_plus, nicolae_shop_crystal, shop_statue
D:2:      layout_loops_cross
D:3:      layout_loops_ring, nicolae_ecumenical_oubliette,
          ebering_ghost_disaster_area
D:4:      layout_basic, chequers_serial_rivers_large_a

Skill      XL: |  1  2  3  4  5  6 |
---------------+-------------------+-----
Stealth        | 6 7 8 |  8.2
Short Blades   | 3 |  3.1
Fighting       | |  2.3
Throwing       | |  2.9
Dodging        | |  1.8

Action                   |  1- 3 |  4- 6 || total
-------------------------+-------+-------++-------
Melee: Dagger            |    18 |       ||    18
       Constrict         |     7 |     9 ||    16
       Tentacles         |     6 |     8 ||    14
       Short sword       |    30 |    65 ||    95
       Punch             |     1 |       ||     1
Throw: Dart              |     2 |       ||     2
       Boomerang         |       |    23 ||    23
  Use: Scroll            |       |     6 ||     6
       Potion            |       |     1 ||     1
 Stab: Sleeping          |    15 |     9 ||    24
       Distracted        |       |     1 ||     1
Armor: Skin              |     4 |    20 ||    24
Dodge: Dodged            |    19 |    35 ||    54
